 Dungeon Crawl Stone Soup version 0.21-a0-529-g8c7b3f5 (webtiles) character file.

9 kibaces the Skirmisher (level 2, -2/28 HPs)
             Began as a Naga Fighter on Dec 9, 2017.
             Slain by a frilled lizard (3 damage)
             ... on level 1 of the Dungeon.
             The game lasted 00:00:50 (116 turns).

kibaces the Skirmisher (Naga Fighter)                Turns: 116, Time: 00:00:51

Health: -2/28      AC:  4    Str: 18    XL:     2   Next: 12%
Magic:  2/2        EV:  5    Int:  8    God:
Gold:   9          SH:  8    Dex: 10    Spells: 1/1 levels left

rFire    . . .     SeeInvis +   a - +0 long sword
rCold    . . .     Gourm    .   c - +0 shield
rNeg     . . .     Faith    .   b - +0 scale mail
rPois    +         Spirit   .   (no helmet)
rElec    .         Reflect  .   (no cloak)
rCorr    .         Harm     .   (no gloves)
MR       .....                  (no barding)
Stlth    ..........             (no amulet)
HPRegen  0.09/turn              (no ring)
MPRegen  0.08/turn              (no ring)

@: very slow
A: large, see invisible, deformed body, poison resistance, slowness 2, slow
metabolism 1, spit poison 1, AC +0
a: Spit Poison


You were on level 1 of the Dungeon.
You were not hungry.

You visited 1 branch of the dungeon, and saw 1 of its levels.

You collected 9 gold pieces.

Inventory:

Hand Weapons
 a - a +0 long sword (weapon)
Armour
 b - a +0 scale mail (worn)
 c - a +0 shield (worn)
Scrolls
 e - a scroll of identify {unknown}
 g - a scroll of remove curse {unknown}
Potions
 d - a potion of might
Comestibles
 f - a bread ration


   Skills:
 + Level 3.1 Fighting
 + Level 2.2 Long Blades
 + Level 2.4 Armour
 + Level 2.6 Shields


You had one spell level left.
You didn't know any spells.

Dungeon Overview and Level Annotations

Branches:
Dungeon (1/15)

Altars:


Innate Abilities, Weirdness & Mutations

You cannot wear boots.
Your serpentine skin is tough. (AC +0)
You have supernaturally acute eyesight. (SInv)
Armour fits poorly on your strangely shaped body.
Your system is resistant to poisons. (rPois)
You cover ground very slowly.
You have a slow metabolism.
You can spit poison.


Message History

You barely miss the kobold.
The kobold is moderately wounded.
The kobold hits you but does no damage.
The frilled lizard bites you but does no damage.
You hit the kobold.
You kill the kobold!
The frilled lizard bites you but does no damage.
The ooze jiggles.
You hit the dart slug.
The dart slug is heavily wounded.
The frilled lizard bites you.
* * * LOW HITPOINT WARNING * * *
You block the dart slug's attack.
The frilled lizard bites you but does no damage.
You hit the dart slug.
You kill the dart slug!
You have reached level 2!
The frilled lizard barely misses you.
You miss the frilled lizard. The frilled lizard bites you.
You die...

##### ##...## #####
##.....# #...# #.......
##...# #....... ##....#
#.......
########..#..#####.....#
#......)l...............
#......@#..r............
#.......#######......(..
#......## #.........
#......# #.........
#......#### ##........
##.........# #........
#..........# #........
#..........## #........
#...........##
..........


You could see a frilled lizard.

Vanquished Creatures
  A dart slug (D:1)
  2 kobolds (D:1)
  A frilled lizard (D:1)
  2 goblins (D:1)
  A rat (D:1)
7 creatures vanquished.

Notes
Turn   | Place    | Note
-------+----------+-------------------------------------------
     0 | D:1      | kibaces the Naga Fighter began the quest for the Orb.
     0 | D:1      | Reached XP level 1. HP: 21/21 MP: 1/1
   114 | D:1      | HP: 1/21 [frilled lizard (2)]
   115 | D:1      | Reached XP level 2. HP: 1/28 MP: 2/2
   116 | D:1      | Slain by a frilled lizard

Vault maps used:
D:1:      matt_arrival_los_fun

Action                   || total
-------------------------++-------
Melee: Long sword        ||    25
Armor: Scale mail        ||    17
Dodge: Dodged            ||    13
Block: Shield            ||    29
       Rpst.: Long sword ||     3

Table legend:
 A = Spawn XP
 B = Non-spawn XP
 C = Spawn XP percentage of total XP
 D = Spawn monster count
 E = Non-spawn monster count
 F = Spawn count percentage of total count
 G = Total turns spent on level
                    A         B        C        D         E        F      G
               +---------+---------+-------+---------+---------+-------+---------
         Total |       0 |      13 |   0.0 |       0 |       7 |   0.0 |   116
               +---------+---------+-------+---------+---------+-------+---------
           D:1 |       0 |      13 |   0.0 |       0 |       7 |   0.0 |   116
               +---------+---------+-------+---------+---------+-------+---------
